 Dungeon Crawl Stone Soup version 0.18-b1-14-g029dad2 (webtiles) character file.

2675 LORDOFBUTT the Cleaver (level 9, 0/78 HPs)
             Began as a Minotaur Fighter on Apr 30, 2016.
             Was a Believer of Ashenzari.
             Slain by a vampire (10 damage)
             ... on level 8 of the Dungeon.
             The game lasted 00:08:33 (6041 turns).

LORDOFBUTT the Cleaver (Minotaur Fighter)           Turns: 6041, Time: 00:08:34

Health: 0/78       AC: 16    Str: 21    XL:     9   Next: 37%
Magic:  8/8        EV: 11    Int:  5    God:    Ashenzari [**....]
Gold:   734        SH: 16    Dex: 13    Spells: 0 memorised, 8 levels left

rFire  . . .     SeeInvis .     w - +2 war axe (flame) (curse)
rCold  + . .     Gourm    .     b - +0 scale mail
rNeg   . . .     Faith    .     c - +5 shield (curse)
rPois  .         Spirit   .     x - +2 hat
rElec  .         Dismiss  .     (no cloak)
rCorr  .         Reflect  .     (no gloves)
SustAt .         Harm     .     I - +2 pair of boots
MR     .....                    (no amulet)
Stlth  ..........               A - +3 ring of protection (curse)
                                o - ring of protection from cold (curse)

@: not resistant to hostile enchantments, extremely unstealthy
A: retaliatory headbutt, horns 2
a: Curse Item, Scrying, Renounce Religion


You were on level 8 of the Dungeon.
You worshipped Ashenzari.
Ashenzari was pleased with you.
You were not hungry.

You visited 2 branches of the dungeon, and saw 9 of its levels.
You also visited: Sewer and Ossuary.

You collected 734 gold pieces.

Inventory:

Hand Weapons
 a - a +0 war axe
 w - a cursed +2 war axe of flaming (weapon)
Armour
 b - a +0 scale mail (worn)
 c - a cursed +5 shield (worn)
 x - a +2 hat (worn)
 I - a +2 pair of boots (worn)
Jewellery
 o - a cursed ring of protection from cold (left hand)
 s - an uncursed ring of see invisible
 A - a cursed +3 ring of protection (right hand)
Wands
 z - a wand of lightning (5/15)
Scrolls
 e - a scroll of magic mapping {unknown}
 g - a scroll of amnesia {unknown}
 h - 3 scrolls of fog
 q - 4 scrolls of teleportation
 r - 3 scrolls of fear
 v - a scroll of summoning {unknown}
 y - a scroll of blinking {unknown}
 B - a scroll of enchant weapon {unknown}
Potions
 d - 3 potions of might
 i - 5 potions of lignification
 j - 3 potions of flight
 k - 2 potions of heal wounds {unknown}
 l - 3 potions of brilliance
 m - 6 potions of curing
 t - a potion of magic {unknown}
 C - a potion of berserk rage {unknown}
 D - a potion of agility {unknown}
 E - a potion of degeneration {unknown}
 F - 2 potions of resistance {unknown}
 G - 2 potions of experience {unknown}
Books
 p - a book of Party Tricks

   Spells                             Type                      Level
   a - Summon Butterflies             Summoning                    1
   b - Apportation                    Translocation                1
   c - Tukima's Dance                 Hexes                        3
   d - Alistair's Intoxication        Transmutation/Poison         5
   e - Invisibility                   Hexes                        6
Comestibles
 f - 5 bread rations
 n - a beef jerky
 u - 3 meat rations


   Skills:
 + Level 6.6 Fighting
 * Level 9.8(12.0) Axes
 + Level 7.8 Armour
 + Level 4.5 Dodging
 + Level 0.3 Stealth
 + Level 7.1(8.6) Shields


You had 8 spell levels left.
You didn't know any spells.

Dungeon Overview and Level Annotations

Branches:
Dungeon (8/15)             Temple (1/1) D:6
   Lair: D:8-11

Altars:
Ashenzari
Cheibriados
Dithmenos
Elyvilon
Fedhas
Gozag
Kikubaaqudgha
Makhleb
Nemelex Xobeh
Okawaru
Pakellas
Qazlal
Ru
Sif Muna
Trog
Vehumet
Xom
Yredelemnul
The Shining One

Shops:
D:4 *


Innate Abilities, Weirdness & Mutations

You reflexively headbutt those who attack you in melee.
You have a pair of horns on your head.


Message History

Something bites you.
Something draws strength from your injuries!
You miss something. You headbutt something.
A vampire appears from thin air!
Reactivating autopickup.
The vampire hits you.
The vampire bites you but does no damage.
You hit the vampire. You burn the vampire.
The vampire is heavily damaged.
You block the vampire's attack. The vampire bites you.
* * * LOW HITPOINT WARNING * * *
The vampire draws strength from your injuries!
You barely miss the vampire.
The vampire is moderately damaged.
The vampire barely misses you. The vampire bites you!
* * * LOW HITPOINT WARNING * * *
The vampire draws strength from your injuries!
You slash the vampire! You burn the vampire.
The vampire is severely damaged.
You block the vampire's attack. The vampire bites you!
You die...

#. ##.. .. ###..# ...# .
##....# #... .. ##.....#
#... #..# ...##......#
#..# #..# ...........#
#..# #.. .........@.#
##..# #.. .........V.##
#...# ##. ............#
#...# ###..
............###...####))..
###.......)).#....##..))..
##..###..)...........#...
#.
#....#####..........###..
#.. ##....## ###...#....#
#.. #..###......#
##..#....# ##.


You could see a vampire.

Vanquished Creatures
  The ghost of LORDOFBUTT the Insei, an amateur DsMo (D:4)
  Menkaure (D:5)
  2 black bears
  An ice beast (D:8)
  Purgy (Sewer)
  4 ogres
  A centaur (D:5)
  A giant frog (D:6)
  A wyvern skeleton (D:8)
  A scorpion (D:5)
  5 killer bees (D:8)
  4 wights (D:8)
  5 howler monkeys (D:8)
  A crimson imp (D:6)
  2 jellies
  2 giant frog zombies (D:6)
  3 hounds
  5 orc wizards
  An orc priest (D:5)
  2 worker ants
  3 iguanas
  A big kobold zombie (Ossuary)
  8 mummies (Ossuary)
  4 gnolls (D:8)
  10 adders
  2 shadow imps
  An ooze (D:2)
  A worm (D:2)
  4 giant geckos
  17 orcs
  3 ball pythons
  9 bats
  5 giant cockroaches
  4 goblins
  4 hobgoblins
  16 jackals
  2 quokkas
  7 giant newts
  3 gnoll zombies (Ossuary)
  A hobgoblin zombie (Ossuary)
  3 jackal skeletons
  7 kobolds
  3 orc zombies (Ossuary)
  10 rats
172 creatures vanquished.

Notes
Turn   | Place    | Note
--------------------------------------------------------------
     0 | D:1      | LORDOFBUTT the Minotaur Fighter began the quest for the Orb.
     0 | D:1      | Reached XP level 1. HP: 19/19 MP: 0/0
   175 | D:1      | Reached XP level 2. HP: 26/27 MP: 1/1
   783 | D:1      | Reached XP level 3. HP: 31/33 MP: 2/2
  1140 | D:2      | Reached XP level 4. HP: 30/41 MP: 3/3
  1206 | D:2      | Reached skill level 1 in Dodging
  1596 | D:3      | Reached skill level 3 in Axes
  1804 | D:4      | Found a white marble altar of Elyvilon.
  1810 | D:4      | Reached skill level 5 in Armour
  1879 | D:4      | Noticed LORDOFBUTT's ghost (amateur DsMo)
  1900 | D:4      | Killed LORDOFBUTT's ghost
  1900 | D:4      | Reached skill level 4 in Axes
  1900 | D:4      | Reached XP level 5. HP: 47/47 MP: 4/4
  2174 | D:4      | Reached XP level 6. HP: 53/53 MP: 5/5
  2261 | D:4      | Found Ostiesor's General Store.
  2456 | D:5      | Entered Level 5 of the Dungeon
  2469 | D:5      | Reached skill level 5 in Axes
  2469 | D:5      | Reached XP level 7. HP: 15/60 MP: 6/6
  2473 | D:5      | Reached skill level 5 in Shields
  2632 | D:5      | Noticed Menkaure
  2638 | D:5      | HP: 2/60 [Menkaure (2)]
  2639 | D:5      | Killed Menkaure
  2639 | D:5      | Reached skill level 5 in Fighting
  3042 | D:5      | Reached skill level 6 in Axes
  3382 | D:5      | Reached XP level 8. HP: 42/69 MP: 7/7
  3514 | D:6      | Found a sparkling altar of Nemelex Xobeh.
  3957 | D:6      | Found a glowing drain.
  3964 | Sewer    | Entered a sewer
  3987 | Sewer    | Noticed Purgy
  3998 | Sewer    | Killed Purgy
  3998 | Sewer    | Reached skill level 7 in Axes
  4189 | D:6      | Found a staircase to the Ecumenical Temple.
  4368 | Temple   | Entered the Ecumenical Temple
  4376 | Temple   | Became a worshipper of Ashenzari the Shackled
  4463 | D:7      | Found a sand-covered staircase.
  4501 | Ossuary  | Entered an ossuary
  5230 | D:7      | Found a snail-covered altar of Cheibriados.
  5231 | D:7      | Found a deep blue altar of Sif Muna.
  5238 | D:7      | Reached * piety under Ashenzari
  5307 | D:7      | Found a radiant altar of Vehumet.
  5424 | D:8      | Reached skill level 8 in Axes
  5578 | D:8      | Reached XP level 9. HP: 50/78 MP: 8/8
  5659 | D:8      | Reached skill level 9 in Axes
  5708 | D:8      | Reached ** piety under Ashenzari
  5939 | D:8      | Found a white marble altar of Elyvilon.
  6041 | D:8      | Slain by a vampire

Skill      XL: |  1  2  3  4  5  6  7  8  9 |
---------------+----------------------------+-----
Armour         | 4 5 6 7 |  7.8
Fighting       | 4 5 6 |  6.6
Dodging        | 2 3 4 |  4.5
Shields        | 4 5 6 7 |  7.1
Axes           | 4 5 6 8 9 |  9.8
Stealth        | |  0.3

Action                   |  1- 3 |  4- 6 |  7- 9 || total
-------------------------+-------+-------+-------++-------
Melee: War axe           |    85 |    81 |   269 ||   435
       Headbutt          |    13 |    15 |    46 ||    74
Invok: Curse Item        |       |       |     4 ||     4
  Use: Scroll            |       |     8 |     8 ||    16
       Potion            |       |     2 |     1 ||     3
  Eat: Meat ration       |     1 |       |     2 ||     3
       Pizza             |       |       |     1 ||     1
Armor: Scale mail        |    39 |    15 |    83 ||   137
       Skin              |       |     6 |       ||     6
Dodge: Dodged            |    22 |    26 |    81 ||   129
Block: Shield            |    50 |    56 |   194 ||   300
